 Dungeon Crawl Stone Soup version 0.23.1 (webtiles) character file.

Game seed: 10043356808316739926

105 PentaManta the Bolt Thrower (level 5, -7/32 HPs)
             Began as a Kobold Hunter on Mar 16, 2019.
             Mangled by a bullfrog (8 damage)
             ... on level 5 of the Dungeon.
             The game lasted 00:05:47 (1707 turns).

PentaManta the Bolt Thrower (Kobold Hunter)         Turns: 1707, Time: 00:05:47

Health: -7/32      AC:  3    Str: 10    XL:     5   Next: 8%
Magic:  5/5        EV: 15    Int: 12    God:
Gold:   79         SH:  0    Dex: 16    Spells: 4/4 levels left

rFire    . . .     SeeInvis .   a - +1 hand crossbow
rCold    . . .     Gourm    .   (shield restricted)
rNeg     . . .     Faith    .   c - +0 leather armour
rPois    .         Spirit   .   (no helmet)
rElec    .         Reflect  .   (no cloak)
rCorr    .         Harm     .   (no gloves)
MR       .....                  (no boots)
Stlth    ++........             (no amulet)
HPRegen  0.10/turn              (no ring)
MPRegen  0.09/turn              (no ring)

@: about to teleport
A: small, carnivore
a: no special abilities


You were on level 5 of the Dungeon.
You were not hungry.

You visited 1 branch of the dungeon, and saw 5 of its levels.

You collected 79 gold pieces.

Inventory:

Hand Weapons
 a - a +1 hand crossbow (weapon)
 b - a +0 short sword
Missiles
 d - 5 bolts (quivered)
Armour
 c - a +0 leather armour (worn)
Jewellery
 i - an uncursed amulet of the gourmand {unknown}
 o - an uncursed ring of ice {unknown}
 s - an uncursed ring of ice {unknown}
Scrolls
 g - a scroll of fog
 l - a scroll of remove curse
 m - 2 scrolls of identify {unknown}
 p - a scroll of immolation {unknown}
 q - a scroll of fear {unknown}
 u - a scroll of enchant weapon {unknown}
Potions
 e - 2 potions of curing {unknown}
 h - a potion of might {unknown}
 j - 2 potions of heal wounds {unknown}
 n - a potion of magic {unknown}
 r - a potion of lignification {unknown}
 t - a potion of brilliance {unknown}
Comestibles
 f - 4 rations


   Skills:
 + Level 3.4 Fighting
 * Level 6.5 Crossbows
 - Level 2.4 Dodging
 - Level 1.3 Stealth


You had 4 spell levels left.
You didn't know any spells.
Your spell library was empty.

Dungeon Overview and Level Annotations

Branches:
Dungeon (6/15)
 Temple: D:4-7

Altars:
Ashenzari
Makhleb
Nemelex Xobeh
Qazlal
Sif Muna
Trog
Wu Jian
The Shining One


Innate Abilities, Weirdness & Mutations

You are small and have problems with some larger weapons.
You are carnivorous and can eat meat at any time.


Message History

The bullfrog hits you but does no damage.
A hound comes into view.
The hound barks!
The adder closely misses you. The bullfrog misses you.
The hound closely misses you.
As you read the scroll labeled POCRUE IKEICH, it crumbles to dust.
You feel strangely unstable.
It was a scroll of teleportation.
The bullfrog closely misses you. The hound bites you.
* * * LOW HITPOINT WARNING * * *
The adder bites you.
* * * LOW HITPOINT WARNING * * *
The iguana bites you.
* * * LOW HITPOINT WARNING * * *
The bullfrog barely misses you.
As you read the scroll labeled HYF KOWOFEA, it crumbles to dust.
You feel blessed for a moment.
It was a scroll of remove curse.
The hound completely misses you. The adder bites you.
* * * LOW HITPOINT WARNING * * *
The iguana closely misses you. The bullfrog hits you!
You die...

#§§§.........#
#§###........#
#######§###........#
......§l§§.........#
#######.##§§.......#
#......§.......#
#......§........
#......SlF......
#.......@.......
#.......h.......
#>.....#.###....
#..>....... ....
#.......... ...
#.......... ..
#..........
#...........
#........#


You could see a bullfrog, an iguana, a hound and an adder.

Vanquished Creatures
  4 adders (D:2)
  2 oozes (D:2)
  3 worms (D:2)
  A dart slug (D:1)
  A ball python (D:3)
  5 giant cockroaches
  5 goblins
  3 hobgoblins
  4 jackals (D:2)
  3 bats
  6 frilled lizards
  9 kobolds
  6 rats
52 creatures vanquished.

Notes
Turn   | Place    | Note
-------+----------+-------------------------------------------
     0 | D:1      | PentaManta the Kobold Hunter began the quest for the Orb.
     0 | D:1      | Reached XP level 1. HP: 12/12 MP: 1/1
    77 | D:1      | Reached skill level 5 in Crossbows
   128 | D:1      | Found a shattered altar of Ashenzari.
   245 | D:1      | Reached XP level 2. HP: 18/18 MP: 2/2
   655 | D:2      | Reached XP level 3. HP: 22/22 MP: 3/3
   776 | D:2      | Reached skill level 6 in Crossbows
   776 | D:2      | Reached XP level 4. HP: 28/28 MP: 4/4
   793 | D:2      | Found an ornate altar of the Wu Jian Council.
  1087 | D:2      | Reached XP level 5. HP: 32/32 MP: 5/5
  1140 | D:2      | Found a burning altar of Makhleb.
  1305 | D:2      | Found a glowing golden altar of the Shining One.
  1307 | D:2      | Found a deep blue altar of Sif Muna.
  1468 | D:3      | Found a bloodstained altar of Trog.
  1564 | D:3      | Found a stormy altar of Qazlal.
  1642 | D:3      | You fall through a shaft for 3 floors!
  1643 | D:6      | Noticed a bullfrog
  1678 | D:6      | Found a sparkling altar of Nemelex Xobeh.
  1684 | D:5      | Entered Level 5 of the Dungeon
  1707 | D:5      | HP: 1/32 [adder (1)]
  1707 | D:5      | Mangled by a bullfrog

Skill      XL: |  1  2  3 |
---------------+----------+-----
Crossbows      | 5 6 |  6.5
Fighting       | 3 |  3.4
Dodging        | |  2.4
Stealth        | |  1.3

Action                   |  1- 3 |  4- 6 || total
-------------------------+-------+-------++-------
 Fire: Hand crossbow     |    53 |    50 ||   103
  Use: Scroll            |       |     3 ||     3
  Eat: Chunk             |       |     4 ||     4
Armor: Leather armour    |     7 |     5 ||    12
Dodge: Dodged            |    18 |    25 ||    43
